 Dungeon Crawl Stone Soup version 0.30-a0-881-g1ff12e1e11 (webtiles) character file.

Game seed: 13766338694278531441

9 domi the Conjurer (level 2, 19/19 HPs)
             Began as a Demonspawn Conjurer on Mar 14, 2023.
             Got out of the dungeon alive.
             The game lasted 00:00:26 (213 turns).

domi the Conjurer (Demonspawn Conjurer)              Turns: 213, Time: 00:00:27

Health: 19/19      AC:  2    Str:  7    XL:     2   Next: 3%
Magic:  5/5        EV: 12    Int: 19    God:
Gold:   9          SH:  0    Dex: 11    Spells: 4/5 levels left

rFire   . . .      SeeInvis .    (no weapon)
rCold   . . .      Faith    .    (no shield)
rNeg    . . .      Spirit   .    a - +0 robe
rPois   .          Reflect  .    (no helmet)
rElec   .          Rampage  .    (no cloak)
rCorr   .                        (no gloves)
Will    .....                    (no boots)
Stlth   ++                       (no amulet)
HPRegen 0.23/turn                (no ring)
MPRegen 0.09/turn                (no ring)

@: no status effects
A: demonic magic 1
a: no special abilities


You escaped.
You visited 1 branch of the dungeon, and saw 1 of its levels.

You collected 9 gold pieces.

Inventory:

Armour
 a - a +0 robe (worn)
 d - a +0 helmet
   (You found it on level 1 of the Dungeon)
Magical Staves
 f - a staff of cold {rC+}
   (You found it on level 1 of the Dungeon)
Scrolls
 c - a scroll of fog {unknown}
Potions
 b - a potion of magic
 e - a potion of brilliance {unknown}


   Skills:
 - Level 1.7 Dodging
 - Level 1.7 Stealth
 - Level 2.0 Spellcasting
 + Level 4.4 Conjurations


You had 4 spell levels left.
You knew the following spells:

 Your Spells              Type           Power      Damage    Failure   Level
z - Magic Dart            Conj           72%        1d6       2%          1

Your spell library contained the following spells:

 Spells                   Type           Power      Damage    Failure   Level
 Searing Ray              Conj           36%        2d5       4%          2
 Dazzling Flash           Conj/Hex       20%        N/A       21%         3
 Ozocubu's Armour         Ice            1%         N/A       45%         3
 Fulminant Prism          Conj/Hex       5%         3d6       56%         4
 Iskenderun's Mystic Bla  Conj/Tloc      10%        2d4       56%         4
 Iskenderun's Battlesphe  Conj           18%        2d7       58%         5
 Iron Shot                Conj/Erth      5%         9d2       100%        6
 Ozocubu's Refrigeration  Ice            0%         4d7       100%        7
 Spellforged Servitor     Conj/Summ      5%         N/A       100%        7


Dungeon Overview and Level Annotations

Branches:
Dungeon (1/15)

Altars:


Innate Abilities, Weirdness & Mutations

Spells you cast may paralyse adjacent enemies.


Message History

Welcome, domi the Demonspawn Conjurer.
Will you prevail where others failed? Will you find the Orb of Zot?
Found a scroll labelled SOFFEA QIETEOKK and a helmet.
Found a staircase leading out of the dungeon.
Lua error: attempt to yield across metamethod/C-call boundary
c - a scroll labelled SOFFEA QIETEOKK
There is a staircase leading out of the dungeon here.
d - a +0 helmet You open the large door.
There is a large open door here.
A quokka comes into view.
A quokka is nearby!
Aim: a quokka (asleep, 100% to hit)
The magic dart hits the quokka but does no damage.
Aim: a quokka (100% to hit)
The magic dart hits the quokka.
Aim: a quokka (heavily wounded, 100% to hit)
The magic dart hits the quokka.
You kill the quokka!
You don't have enough magic to cast this spell.
You don't have enough magic to cast this spell.
You now have 9 gold pieces.
A goblin comes into view. It is wielding a +0 dagger.
A goblin is nearby!
A goblin is nearby!
A goblin is nearby!
Aim: a goblin, wielding a +0 dagger (asleep, 100% to hit)
The magic dart hits the goblin.
The goblin shouts!
Aim: a goblin, wielding a +0 dagger (severely wounded, 100% to hit)
The magic dart hits the goblin.
You kill the goblin!
You can't see any susceptible monsters within range! (Use Z to cast anyway.)
You can't see any susceptible monsters within range! (Use Z to cast anyway.)
A dart slug comes into view.
A dart slug is nearby!
A dart slug is nearby!
A dart slug is nearby!
Aim: a dart slug (asleep, 100% to hit)
The magic dart hits the dart slug but does no damage.
Aim: a dart slug (100% to hit)
The magic dart hits the dart slug.
The dart slug launches a dart at you. The slug dart hits you.
Aim: a dart slug (heavily wounded, 100% to hit)
The magic dart hits the dart slug.
You kill the dart slug!
You don't have enough magic to cast this spell.
You don't have enough magic to cast this spell.
e - a sapphire potion You pick up a book of Power and begin reading...
You add the spells Iskenderun's Battlesphere, Iron Shot and Spellforged Servitor to your library.
A bat comes into view.
You see here Ozocubu's Autobiography.
Aim: a bat (asleep, 100% to hit)
The magic dart hits the bat.
You kill the bat!
You pick up Ozocubu's Autobiography and begin reading...
You add the spells Ozocubu's Armour and Ozocubu's Refrigeration to your library.
A ball python comes into view.
Found a stone staircase leading down.
Aim: a ball python (asleep, 100% to hit)
The magic dart hits the ball python.
You kill the ball python!
You can't see any susceptible monsters within range! (Use Z to cast anyway.)
f - a staff of cold {rC+} A goblin comes into view.
It is wielding a +0 club.
A goblin is nearby!
Aim: a goblin, wielding a +0 club (asleep, 100% to hit)
The magic dart hits the goblin.
You kill the goblin!
You have reached level 2!
Your demonic ancestry asserts itself...
A menacing aura infuses your magic.
There is a stone staircase leading down here.
There is a large open door here.
There is a staircase leading out of the dungeon here.
Are you sure you want to leave the Dungeon?
This will make you lose the game!
You have escaped!

##............
##.............
#............##
###########.....#
#........#......#
#...##...'.....##
#........'....##
#........#...##
#@.......#..##
#........#.##
#........+.#
#...##...+.#
#........#.#
############


There were no monsters in sight!

Vanquished Creatures
  A dart slug (D:1)
  A ball python (D:1)
  2 goblins (D:1)
  A quokka (D:1)
  A bat (D:1)
6 creatures vanquished.

Notes
Turn   | Place    | Note
-------+----------+-------------------------------------------
     0 | D:1      | domi the Demonspawn Conjurer began the quest for the Orb.
     0 | D:1      | Reached XP level 1. HP: 13/13 MP: 3/3
   187 | D:1      | Gained mutation: Spells you cast may paralyse adjacent
                  | enemies. [demonic ancestry]
   187 | D:1      | Reached XP level 2. HP: 19/19 MP: 3/5
   213 | D:$      | Got out of the dungeon alive.

Illustrated notes

Levels and vault maps discovered:
D:1:      lemuel_arrival_behind_the_door_large, layout_rooms, serial_shops,
          shop_fountains, hellmonk_ecumenical_altar_leap_of_faith

Action                     || total
---------------------------++-------
   Cast: Magic Dart        ||    11

Table legend: (Time is in decaauts)
 A = Elapsed time spent in this place.
 B = Non-inter-level travel time spent in this place.
 C = Inter-level travel time spent in this place.
 D = Time resting spent in this place.
 E = Time spent auto-exploring this place.
 F = Levels seen in this place.
 G = Mean time per level.
                   A        B        C        D        E       F      G
               +--------+--------+--------+--------+--------+-----+--------+
         Total |    213 |    188 |     25 |      0 |    164 |   1 |  213.0 |
       Dungeon |    213 |    188 |     25 |      0 |    164 |   1 |  213.0 |
               +--------+--------+--------+--------+--------+-----+--------+

Top non-repeatable levels by time:
     D:1: 213 daAuts

Table legend:
 A = Kills in this place as a percentage of kills in the entire game.
 B = Kills by you in this place as a percentage of kills by you in the entire game.
 C = Kills by friends in this place as a percentage of kills by friends in the entire game.
 D = Other kills in this place as a percentage of other kills in the entire game.
 E = Experience gained in this place as a percentage of experience gained in the entire game.
 F = Experience gained in this place divided by the number of levels of this place that you have seen.
                   A       B       C       D       E      F
               +-------+-------+-------+-------+-------+----------------------
         Total | 100.0 | 100.0 |   N/A |   N/A | 100.0 |  13.0
       Dungeon | 100.0 | 100.0 |   N/A |   N/A | 100.0 |  13.0
               +-------+-------+-------+-------+-------+----------------------
